 Dungeon Crawl Stone Soup version 0.31.0 (webtiles) character file.

Game seed: 10264015944317135072

37 qw the Shooter (level 3, -2/22 HPs)
             Began as a Gargoyle Hunter on Jan 19, 2024.
             Frozen to death by an endoplasm (3 damage)
             ... on level 1 of the Dungeon.
             The game lasted 00:00:03 (848 turns).

qw the Shooter (Gargoyle Hunter)                     Turns: 848, Time: 00:00:04

Health: -2/22      AC:  6    Str: 14    XL:     3   Next: 39%
Magic:  3/3        EV: 11    Int:  9    God:
Gold:   112        SH:  0    Dex: 15    Spells: 2/2 levels left

rFire   . . .        a - +0 shortbow
rCold   . . .        (shield currently unavailable)
rNeg    + . .        c - +0 leather armour
rPois   inf          (no helmet)
rElec   +            (no cloak)
rCorr   .            (no gloves)
SInv    .            (no boots)
Will    .....        (no amulet)
Stlth   ++           (no ring)
HPRegen 0.23/turn    (no ring)
MPRegen 0.08/turn

%: no passive effects
@: no status effects
A: sickness immunity, AC +3, negative energy resistance 1, electricity
resistance, torment resistance 1, petrification resistance
a: no special abilities


You were on level 1 of the Dungeon.
You visited 1 branch of the dungeon, and saw 2 of its levels.

You collected 112 gold pieces.


Innate Abilities, Weirdness & Mutations

You are immune to sickness and miasma.
Your stone body is resilient. (AC +3)
You are immune to poison.
You resist negative energy. (rN+)
You are resistant to electric shocks. (rElec)
You are resistant to unholy torment.
You are immune to petrification.


   Skills:
 + Level 2.5 Fighting
 - Level 5.0 Ranged Weapons
 - Level 1.5 Dodging
 - Level 1.1 Stealth


You had 2 spell levels left.
You didn't know any spells.
Your spell library was empty.

Inventory:

Hand Weapons
 a - a +0 shortbow (weapon)
Armour
 c - a +0 leather armour (worn)
Potions
 d - a potion of curing
 e - a potion of mutation {unknown}
 f - a potion of attraction {unknown}

Dungeon Overview and Level Annotations

Branches:
Dungeon (2/15)

Altars:

Shops:
D:1 =


Message History

The jackal bites you but does no damage.
The jackal barely misses you. The endoplasm freezes you.
You are frozen.
The jackal closely misses you. x2
The jackal bites you but does no damage.
You shoot an arrow. The arrow hits the jackal.
You kill the jackal!
The jackal closely misses you.
The jackal bites you but does no damage.
The endoplasm hits you. The jackal barely misses you.
You shoot an arrow. The arrow hits the jackal.
The jackal is heavily wounded.
The jackal bites you but does no damage.
The jackal closely misses you. The endoplasm barely misses you.
The jackal barely misses you.
You shoot an arrow. The arrow closely misses the jackal.
The jackal bites you but does no damage.
The jackal bites you. The endoplasm closely misses you.
The jackal bites you but does no damage.
The jackal bites you.
You shoot an arrow.
The arrow hits the jackal but does no damage.
The jackal is heavily wounded.
The jackal bites you but does no damage.
The endoplasm closely misses you. The jackal bites you.
The jackal closely misses you. The endoplasm freezes you.
You are frozen.
You shoot an arrow. The arrow hits the jackal.
The jackal is almost dead.
The jackal closely misses you. x2
The jackal bites you but does no damage.
The endoplasm freezes you.
You are frozen.
You shoot an arrow. The arrow hits the jackal.
You kill the jackal!
The jackal bites you but does no damage.
The endoplasm freezes you.
You are frozen.
You die...

..########.....................#
7.# #.#.#.#.#.+#'###...##### ..#
#..........#.# #...# # 7.#
#.#.....#.##.########### 7.#
#......................' ..#
#.#.....#..#.########### ..#
#.....(....#.# ### ..#
#.#.#.#h#.##.#########.. ..#
#......@%............P.P ###
#..###J.#############P.P
##......# #P.P #
#####..#############P.. #
#...............PPP ##
#.############.#P.% .## #.# #.#
#..PPP #.# #.#######.# ##....
..# #.........# #.P.P


You could see an endoplasm and a jackal.

Vanquished Creatures
  6 bats (D:1)
  7 endoplasms (D:1)
  A giant cockroach (D:1)
  2 goblins (D:1)
  6 hobgoblins (D:1)
  2 jackals (D:1)
  2 quokkas (D:1)
  4 frilled lizards (D:1)
  2 rats (D:1)
32 creatures vanquished.

Notes
Turn   | Place    | Note
-------+----------+-------------------------------------------
     0 | D:1      | qw the Gargoyle Hunter began the quest for the Orb.
     0 | D:1      | Reached XP level 1. HP: 12/12 MP: 1/1
     0 | D:1      | 0 ||| qw: Version: 0.3-a-132-g3d54051
     0 | D:1      | 0 ||| qw: Game counter: 250
     0 | D:1      | 0 ||| qw: Melee chars always use a shield: true
     0 | D:1      | 0 ||| qw: God list: Okawaru
     0 | D:1      | 0 ||| qw: Allow faded altars: false
     0 | D:1      | 0 ||| qw: Do Orc after clearing Dungeon:15 true
     0 | D:1      | 0 ||| qw: Do second Lair branch before Depths: true
     0 | D:1      | 0 ||| qw: Lair rune preference: random
     0 | D:1      | 0 ||| qw: Goals: Normal
     0 | D:1      | 0 ||| PLANNING D:1-11
    86 | D:1      | Reached XP level 2. HP: 17/17 MP: 2/2
   332 | D:1      | Reached XP level 3. HP: 16/21 MP: 3/3
   500 | D:1      | Reached skill level 5 in Ranged Weapons
   561 | D:1      | Found Qaepol's One-of-a-Kind Rings.
   570 | D:1      | 570 ||| SHOPLISTING +2 ring of protection (120 gold, have
                  | 102).
   570 | D:1      | 570 ||| SHOPLISTING +3 ring of dexterity (120 gold, have
                  | 102).
   570 | D:1      | 570 ||| SHOPLISTING ring of Qyl Adgho {Will+ Dex+6 SInv}
                  | (633 gold, have 102).
   805 | D:1      | 805 ||| DRINKING 2 clear potions.
   806 | D:1      | 806 ||| DROPPING scroll of butterflies.
   834 | D:2      | 834 ||| STAIRDANCE
   838 | D:2      | 838 ||| STAIRDANCE
   846 | D:1      | HP: 3/22 [frozen (3)]
   847 | D:1      | HP: 1/22 [frozen (2)]
   848 | D:1      | Frozen to death by an endoplasm

Levels and vault maps discovered:
D:1:      saegor_arrival_simple_e, layout_basic, serial_forest,
          infiniplex_forest_corner_2, infiniplex_forest_clump_C,
          infiniplex_forest_end_1, infiniplex_forest_lined_room_2,
          infiniplex_forest_clump_small, nicolae_shop_unique_rings,
          minmay_hedge_maze, minmay_misc_feat_tiny, st_stairs_2
D:2:      layout_rooms, st_stairs_9, dreamdust_mushroom_princess,
          nicolae_concentric_dashed_squares_wild

Skill      XL: |  1  2  3 |
---------------+----------+-----
Ranged Weapons | 5 |  5.0
Fighting       | |  2.5
Dodging        | |  1.5
Stealth        | |  1.1

Action                     || total
---------------------------++-------
   Fire: Shortbow          ||    95
    Use: Potion            ||     1
 Armour: Leather armour    ||    40
  Dodge: Dodged            ||    37

Table legend:
 A = Non-vault XP
 B = Vault XP
 C = Vault XP percentage of total XP
 D = Non-vault monster count
 E = Vault monster count
 F = Vault count percentage of total count
                 A         B        C        D         E       F
            +---------+---------+-------+---------+---------+-------
      Total |      51 |       4 |   7.3 |      30 |       2 |   6.2
            +---------+---------+-------+---------+---------+-------
        D:1 |      51 |       4 |   7.3 |      30 |       2 |   6.2
            +---------+---------+-------+---------+---------+-------
